Panthers vs Predators

Created - April 22, 2017 at 19:19

Goals
1 2 3 T
Panthers 1 1 1 3
Predators 0 2 2 4
Shots
1 2 3 T
Panthers 18 11 12 41
Predators 4 10 11 25

1st period

1. Panthers , Scott Gomez 40 (Sergei Samsonov 31, Shawn Horcoff 23) at 15:53

Penalties :
No Penalty

2nd period

2. Panthers , Marian Hossa 28 (Sergei Samsonov 32, Loui Eriksson 19) at 3:43
3. Predators , David Jones 10 (Brett Clark 11, Andy Miele 10) at 16:47
4. Predators , James Van Riemsdyk 11 (Andy Miele 11, John Moore 18) at 17:45

Penalties :
Niclas Bergfors (Nas) for Hooking (Minor) at 10:43, Steve Montador (Flo) for Interference (Minor) at 11:28, Brendan Smith (Flo) for Delaying the game (Minor) at 18:09

3rd period

5. Predators , David Jones 11 (Andy Miele 12) at 12:34
6. Predators , Ryan Mcdonagh 3 (Mikael Granlund 9) at 15:36
7. Panthers , Guillaume Latendresse 41 (Steve Montador 22, Brendan Smith 30) at 17:52

Penalties :
James Van Riemsdyk (Nas) for Roughing (Minor) at 8:20, Alexander Ovechkin (Nas) for Hooking (Minor) at 19:21

Goalie Stats

Antti Niemi (Flo), 21 saves from 25 shots - (0.840), L, 27-18-6, 59:00 minutes
Viktor Fasth (Nas), 38 saves from 41 shots - (0.927), W, 24-12-3, 60:00 minutes

Players Stats for Panthers

Player Name              G  A  P  +/- PIM S  H  SB GA TA FO     MP     PP MP  PK MP  
------------------------------------------------------------------------------------
Alexander Perezhogin     0  0  0   0  0   2  1  0  0  0  0/0     8:41   0:00   0:00 
Andrew Ebbett            0  0  0  -2  0   2  0  0  0  0  2/6    11:45   0:00   0:03 
Brendan Smith            0  1  1  -1  2   2  2  1  0  0  0/0    25:03   2:53   0:30 
Erik Gudbranson          0  0  0   1  0   0  1  2  0  0  0/0    14:28   0:00   0:41 
Guillaume Latendresse    1  0  1  -1  0   6  2  0  0  2  0/0    21:39   2:02   1:41 
Jeff Tambellini          0  0  0  -2  0   0  2  0  0  1  0/0    12:10   0:00   0:27 
Keith Aulie              0  0  0  -1  0   2  0  0  2  0  0/0    20:37   0:29   1:05 
Loui Eriksson            0  1  1  -1  0   6  1  0  1  1  0/0    19:25   2:02   0:00 
Marian Hossa             1  0  1   2  0   3  2  0  1  1  1/1    16:54   1:20   0:00 
Matthew Spiller          0  0  0  -1  0   2  2  1  0  1  0/0    21:40   0:29   2:03 
Nick Schultz             0  0  0   1  0   0  0  1  0  1  0/0    12:56   0:00   0:00 
Pasi Salonen             0  0  0   0  0   0  1  0  0  0  0/0     8:41   0:00   0:00 
Peter Prucha             0  0  0  -2  0   3  1  1  1  0  0/1    11:42   0:00   0:00 
Scott Gomez              1  0  1   2  0   6  1  1  0  1  3/10   17:02   1:20   0:40 
Sergei Samsonov          0  2  2   2  0   2  2  0  0  0  0/3    16:31   1:20   0:30 
Shawn Horcoff            0  1  1   0  0   3  1  0  1  0  1/1     9:12   0:00   0:31 
Sidney Crosby            0  0  0  -1  0   2  1  0  3  2  18/38  22:07   2:02   1:36 
Steve Montador           0  1  1  -1  2   0  6  0  1  0  0/0    25:27   2:52   1:09 

Players Stats for Predators

Player Name              G  A  P  +/- PIM S  H  SB GA TA FO     MP     PP MP  PK MP  
------------------------------------------------------------------------------------
Alexander Edler          0  0  0   1  0   1  3  0  0  1  0/0    25:58   1:53   2:43 
Alexander Ovechkin       0  0  0  -1  2   2  4  0  1  1  2/4    25:05   1:36   0:55 
Alexander Steen          0  0  0   0  0   1  0  1  0  0  0/0    17:59   0:55   0:11 
Andrej Meszaros          0  0  0   1  0   0  1  0  0  0  0/0     6:17   0:51   0:00 
Andy Miele               0  3  3   2  0   2  1  0  2  0  9/14   15:34   0:13   2:16 
Barret Jackman           0  0  0  -1  0   0  1  1  0  1  0/0    11:23   0:00   0:00 
Brett Clark              0  1  1   0  0   0  2  1  0  1  0/0    16:11   0:00   0:39 
Byron Bitz               0  0  0   0  0   1  2  0  1  1  0/0    20:37   0:55   2:16 
Chris Lawrence           0  0  0  -1  0   0  2  0  0  0  0/0     5:48   0:00   0:00 
David Jones              2  0  2   2  0   3  1  0  1  0  0/0    13:04   0:00   0:00 
Dmitri Kalinin           0  0  0   0  0   1  1  1  1  0  0/0    17:50   0:51   0:00 
James Van Riemsdyk       1  0  1   2  2   4  0  0  2  1  0/0    14:05   0:00   0:00 
John Moore               0  1  1   0  0   0  0  1  0  2  0/0    16:12   0:00   0:39 
Kris Vernarsky           0  0  0  -1  0   1  0  0  0  0  0/2     5:48   0:00   0:00 
Mikael Granlund          0  1  1   0  0   0  2  0  1  1  10/17  19:40   1:49   0:46 
Niclas Bergfors          0  0  0   0  2   3  0  0  1  0  2/3    18:31   1:49   0:00 
Ryan Kesler              0  0  0   0  0   5  2  0  0  1  12/20  19:10   0:55   0:20 
Ryan Mcdonagh            1  0  1   1  0   1  0  2  0  0  0/0    26:09   1:53   2:43 

3 Stars

1 - David Jones (Nas)
2 - Andy Miele (Nas)
3 - Sergei Samsonov (Flo)

Power Play

Panthers - 0 on 3 Attempt(s) - 0.00%
Predators - 0 on 2 Attempt(s) - 0.00%

Penalty Kill

Panthers - 2 on 2 Attempt(s) - 100.00% - Score 0 goal in Penalty Kill
Predators - 3 on 3 Attempt(s) - 100.00% - Score 0 goal in Penalty Kill

Team Stat

Panthers - Hits : 26 - Faceoff Wins : 25 - Blocked Shots : 7 - Penalty Minutes : 4
Predators - Hits : 22 - Faceoff Wins : 35 - Blocked Shots : 7 - Penalty Minutes : 6

Official

Referees : Charron Francis and VanMassenhoven Don
Linesman : Steve Miller and Bryan Pancich

Game Notes

No Game Note

Finance

Level 1 -- Attendance: 6000 (100.00%) -- Ticket Income $510,000
Level 2 -- Attendance: 4409 (88.18%) -- Ticket Income $220,450
Level 3 -- Attendance: 1909 (95.45%) -- Ticket Income $57,270
Level 4 -- Attendance: 2873 (71.83%) -- Ticket Income $68,952
Luxury Box -- Attendance: 711 (71.10%) -- Ticket Income $124,425
Game was played at the Wildcat center.
Total Attendance: 15902 (88.34%)
Total Ticket Income: $981,097
Other Income: $147,165
Total Income: $1,128,262

Panthers

5 vs 5 Forward 
   Center                   Left Wing                Right Wing               Time % Phy DF OF 
 1 Sidney Crosby            Guillaume Latendresse    Loui Eriksson            40     0   2  3  
 2 Scott Gomez              Sergei Samsonov          Marian Hossa             30     0   2  3  
 3 Andrew Ebbett            Jeff Tambellini          Peter Prucha             20     1   2  2  
 4 Shawn Horcoff            Pasi Salonen             Alexander Perezhogin     10     1   2  2  

5 vs 5 Defense 
   Defense                  Defense                                           Time % Phy DF OF 
 1 Steve Montador           Brendan Smith                                     40     0   2  3  
 2 Matthew Spiller          Keith Aulie                                       30     0   2  3  
 3 Erik Gudbranson          Nick Schultz                                      20     1   2  2  
 4 Steve Montador           Brendan Smith                                     10     0   2  3  

PowerPlay Forward 
   Center                   Left Wing                Right Wing               Time % Phy DF OF 
 1 Sidney Crosby            Guillaume Latendresse    Loui Eriksson            60     1   0  4  
 2 Scott Gomez              Sergei Samsonov          Marian Hossa             40     1   0  4  

PowerPlay Defense
   Defense                  Defense                                           Time % Phy DF OF 
 1 Steve Montador           Brendan Smith                                     60     1   1  3  
 2 Matthew Spiller          Keith Aulie                                       40     1   1  3  

Penalty Kill 4 Players Forward 
   Center                   Wing                     Time % Phy DF OF 
 1 Sidney Crosby            Guillaume Latendresse    60     1   3  1  
 2 Scott Gomez              Sergei Samsonov          40     1   3  1  

Penalty Kill 4 Players Defense
   Defense                  Defense                  Time % Phy DF OF 
 1 Steve Montador           Matthew Spiller          60     1   4  0  
 2 Brendan Smith            Keith Aulie              40     1   3  1  

Penalty Kill - 3 Players Forward 
   Forward                                           Time % Phy DF OF 
 1 Scott Gomez                                       60     1   3  1  
 2 Sidney Crosby                                     40     1   3  1  

Penalty Kill - 3 Players Defense
   Defense                  Defense                  Time % Phy DF OF 
 1 Steve Montador           Matthew Spiller          60     1   3  1  
 2 Brendan Smith            Keith Aulie              40     1   3  1  

4 vs 4 Forward 
   Center                   Wing                     Time % Phy DF OF 
 1 Sidney Crosby            Marian Hossa             60     0   2  3  
 2 Scott Gomez              Guillaume Latendresse    40     0   2  3  

4 vs 4 Defense
   Defense                  Defense                  Time % Phy DF OF 
 1 Steve Montador           Brendan Smith            60     0   2  3  
 2 Matthew Spiller          Keith Aulie              40     1   2  2  

Last Minutes Offensive
   Center                   Left Wing                Right Wing               Defense                  Defense                  
   Sidney Crosby            Guillaume Latendresse    Loui Eriksson            Steve Montador           Brendan Smith            

Last Minutes Defensive
   Center                   Left Wing                Right Wing               Defense                  Defense                  
   Scott Gomez              Guillaume Latendresse    Loui Eriksson            Matthew Spiller          Brendan Smith            

Goaltenders
Starting : Antti Niemi              
Backup : Keith Kinkaid            

Extra Forwards
Normal : Marian Hossa, Loui Eriksson, Guillaume Latendresse - PP : Scott Gomez, Sidney Crosby - PK : Shawn Horcoff
Extra Defensemen
Normal : Erik Gudbranson, Brendan Smith, Steve Montador - PP : Keith Aulie - PK : Brendan Smith, Steve Montador
Penalty Shots
Sidney Crosby, Sergei Samsonov, Peter Prucha, Marian Hossa, Guillaume Latendresse

Scratches
Andy McDonald (Sprained Left Knee Injury), Brad Stuart (Bruised Right Foot Injury)

Predators

5 vs 5 Forward 
   Center                   Left Wing                Right Wing               Time % Phy DF OF 
 1 Ryan Kesler              Alexander Ovechkin       Niclas Bergfors          40     0   1  3  
 2 Mikael Granlund          Alexander Steen          Byron Bitz               30     1   2  2  
 3 Andy Miele               James Van Riemsdyk       David Jones              20     1   2  2  
 4 Kris Vernarsky           Alexander Ovechkin       Chris Lawrence           10     1   2  2  

5 vs 5 Defense 
   Defense                  Defense                                           Time % Phy DF OF 
 1 Ryan Mcdonagh            Alexander Edler                                   40     1   2  2  
 2 Dmitri Kalinin           Brett Clark                                       30     1   2  2  
 3 Barret Jackman           John Moore                                        20     1   2  2  
 4 Andrej Meszaros          John Moore                                        10     1   2  2  

PowerPlay Forward 
   Center                   Left Wing                Right Wing               Time % Phy DF OF 
 1 Mikael Granlund          Alexander Ovechkin       Niclas Bergfors          60     1   0  4  
 2 Ryan Kesler              Alexander Steen          Byron Bitz               40     1   0  4  

PowerPlay Defense
   Defense                  Defense                                           Time % Phy DF OF 
 1 Ryan Mcdonagh            Alexander Edler                                   60     1   1  3  
 2 Dmitri Kalinin           Andrej Meszaros                                   40     1   1  3  

Penalty Kill 4 Players Forward 
   Center                   Wing                     Time % Phy DF OF 
 1 Andy Miele               Byron Bitz               60     1   2  1  
 2 Ryan Kesler              Alexander Ovechkin       40     1   2  2  

Penalty Kill 4 Players Defense
   Defense                  Defense                  Time % Phy DF OF 
 1 Alexander Edler          Ryan Mcdonagh            60     1   3  1  
 2 John Moore               Brett Clark              40     1   3  1  

Penalty Kill - 3 Players Forward 
   Forward                                           Time % Phy DF OF 
 1 Byron Bitz                                        60     1   3  1  
 2 Ryan Kesler                                       40     1   3  1  

Penalty Kill - 3 Players Defense
   Defense                  Defense                  Time % Phy DF OF 
 1 John Moore               Ryan Mcdonagh            60     1   4  0  
 2 Alexander Edler          Brett Clark              40     1   4  0  

4 vs 4 Forward 
   Center                   Wing                     Time % Phy DF OF 
 1 Alexander Ovechkin       Ryan Kesler              60     1   2  2  
 2 Byron Bitz               Niclas Bergfors          40     1   2  2  

4 vs 4 Defense
   Defense                  Defense                  Time % Phy DF OF 
 1 Ryan Mcdonagh            Alexander Edler          60     1   2  2  
 2 Dmitri Kalinin           Barret Jackman           40     1   2  2  

Last Minutes Offensive
   Center                   Left Wing                Right Wing               Defense                  Defense                  
   Ryan Kesler              Alexander Ovechkin       Niclas Bergfors          Ryan Mcdonagh            Alexander Edler          

Last Minutes Defensive
   Center                   Left Wing                Right Wing               Defense                  Defense                  
   Ryan Kesler              Alexander Ovechkin       Byron Bitz               John Moore               Ryan Mcdonagh            

Goaltenders
Starting : Viktor Fasth             
Backup : Chad Johnson             

Extra Forwards
Normal : James Van Riemsdyk, Mikael Granlund, Andy Miele - PP : James Van Riemsdyk, Andy Miele - PK : Andy Miele
Extra Defensemen
Normal : John Moore, Dmitri Kalinin, Andrej Meszaros - PP : John Moore - PK : Dmitri Kalinin, Brett Clark
Penalty Shots
Alexander Ovechkin, Ryan Kesler, Byron Bitz, Niclas Bergfors, Alexander Steen

Scratches
Adam Burish (Broken Right Thumb Injury), Frans Nielsen (Concussion Injury)

% Time on Ice - Panthers

Lines # - Real PCT - Wanted PCT - Time Play
Normal Forward
1 - 33% - 40% - 17:08
2 - 28% - 30% - 14:41
3 - 22% - 20% - 11:42
4 - 17% - 10% - 8:41
Normal Defense
1 - 36% - 40% - 19:00
2 - 35% - 30% - 18:30
3 - 25% - 20% - 12:56
4 - 3% - 10% - 1:46
PP Forward
1 - 60% - 60% - 2:02
2 - 40% - 40% - 1:20
PP Defense
1 - 86% - 60% - 2:53
2 - 14% - 40% - 0:29
PK Forward
1 - 76% - 60% - 2:04
2 - 24% - 40% - 0:40
PK Defense
1 - 70% - 60% - 1:54
2 - 30% - 40% - 0:50
PK3 Forward
1 - 0% - 60%
2 - 0% - 40%
PK3 Defense
1 - 0% - 60%
2 - 0% - 40%
44 Forward
1 - 72% - 60% - 0:53
2 - 28% - 40% - 0:21
44 Defense
1 - 69% - 60% - 0:51
2 - 31% - 40% - 0:23
Last Minute Offensive  - 0:28
Last Minute Defensive  - 0:00
Total
Forward - 60:00
Defense - 60:00

% Time on Ice - Predators

Lines # - Real PCT - Wanted PCT - Time Play
Normal Forward
1 - 32% - 40% - 16:43
2 - 32% - 30% - 16:33
3 - 25% - 20% - 13:04
4 - 11% - 10% - 5:48
Normal Defense
1 - 39% - 40% - 20:27
2 - 31% - 30% - 16:19
3 - 21% - 20% - 10:43
4 - 9% - 10% - 4:39
PP Forward
1 - 66% - 60% - 1:49
2 - 34% - 40% - 0:55
PP Defense
1 - 69% - 60% - 1:53
2 - 31% - 40% - 0:51
PK Forward
1 - 90% - 60% - 3:02
2 - 10% - 40% - 0:20
PK Defense
1 - 81% - 60% - 2:43
2 - 19% - 40% - 0:39
PK3 Forward
1 - 0% - 60%
2 - 0% - 40%
PK3 Defense
1 - 0% - 60%
2 - 0% - 40%
44 Forward
1 - 72% - 60% - 0:53
2 - 28% - 40% - 0:21
44 Defense
1 - 46% - 60% - 0:34
2 - 54% - 40% - 0:40
Last Minute Offensive  - 0:00
Last Minute Defensive  - 0:32
Total
Forward - 60:00
Defense - 60:00

Play by Play

1st period


0:01 of 1st period - Ryan Kesler wins face-off versus Sidney Crosby in neutral zone.
0:08 of 1st period - Snap shot by Niclas Bergfors.
0:08 of 1st period - Shot Misses the Net.
0:14 of 1st period - Snap shot by Loui Eriksson.
0:14 of 1st period - Shot Misses the Net.
0:16 of 1st period - Snap shot by Loui Eriksson.
0:16 of 1st period - Stopped by Viktor Fasth with a rebound.
1:16 of 1st period - Erik Gudbranson is hit by Chris Lawrence and loses puck.
2:38 of 1st period - Icing by Brendan Smith.
2:39 of 1st period - Mikael Granlund wins face-off versus Sidney Crosby in Panthers zone.
2:58 of 1st period - Snap shot by Loui Eriksson.
2:58 of 1st period - Stopped by Viktor Fasth with a rebound.
3:00 of 1st period - Snap shot by Brendan Smith.
3:00 of 1st period - Shot Blocked by Ryan Mcdonagh.
3:02 of 1st period - Slapshot by Brendan Smith.
3:02 of 1st period - Stopped by Viktor Fasth with a rebound.
3:04 of 1st period - Wrist shot by Brendan Smith.
3:04 of 1st period - Stopped by Viktor Fasth with a rebound.
3:06 of 1st period - Wrist shot by Brendan Smith.
3:06 of 1st period - Shot Hit the Post.
3:08 of 1st period - Slapshot by Guillaume Latendresse.
3:08 of 1st period - Shot Misses the Net.
5:13 of 1st period - Wrist shot by Loui Eriksson.
5:13 of 1st period - Stopped by Viktor Fasth without a rebound.
5:14 of 1st period - Ryan Kesler wins face-off versus Sergei Samsonov in Predators zone.
5:44 of 1st period - Off-side.
5:45 of 1st period - Andy Miele wins face-off versus Peter Prucha in neutral zone.
6:10 of 1st period - Alexander Ovechkin is hit by Shawn Horcoff and loses puck.
6:23 of 1st period - Snap shot by Shawn Horcoff.
6:23 of 1st period - Stopped by Viktor Fasth without a rebound.
6:24 of 1st period - Scott Gomez wins face-off versus Andy Miele in Predators zone.
6:25 of 1st period - Wrist shot by Sergei Samsonov.
6:25 of 1st period - Stopped by Viktor Fasth without a rebound.
6:26 of 1st period - Andy Miele wins face-off versus Scott Gomez in Predators zone.
6:54 of 1st period - Snap shot by Niclas Bergfors.
6:54 of 1st period - Shot Blocked by Matthew Spiller.
6:56 of 1st period - Snap shot by Alexander Ovechkin.
6:56 of 1st period - Shot Misses the Net.
7:00 of 1st period - Snap shot by Ryan Kesler.
7:00 of 1st period - Shot Misses the Net.
7:04 of 1st period - Wrist shot by Niclas Bergfors.
7:04 of 1st period - Stopped by Antti Niemi with a rebound.
7:18 of 1st period - Keith Aulie is hit by Chris Lawrence.
7:19 of 1st period - Icing by Keith Aulie.
7:20 of 1st period - Shawn Horcoff wins face-off versus Andy Miele in Panthers zone.
7:55 of 1st period - Wrist shot by Alexander Perezhogin.
7:55 of 1st period - Stopped by Viktor Fasth with a rebound.
7:57 of 1st period - Slapshot by Keith Aulie.
7:57 of 1st period - Stopped by Viktor Fasth with a rebound.
7:59 of 1st period - Snap shot by Matthew Spiller.
7:59 of 1st period - Deflect By Pasi Salonen.
7:59 of 1st period - Shot Misses the Net.
7:59 of 1st period - Puck is out of play.
8:00 of 1st period - Ryan Kesler wins face-off versus Sergei Samsonov in Predators zone.
8:00 of 1st period - Ryan Kesler is hit by Marian Hossa.
8:10 of 1st period - Backhand shot by Niclas Bergfors.
8:10 of 1st period - Stopped by Antti Niemi without a rebound.
8:11 of 1st period - Scott Gomez wins face-off versus Ryan Kesler in Panthers zone.
8:18 of 1st period - Ryan Kesler is hit by Scott Gomez and loses puck.
8:38 of 1st period - Loui Eriksson is hit by David Jones and loses puck.
9:07 of 1st period - Wrist shot by Peter Prucha.
9:07 of 1st period - Shot Misses the Net.
9:25 of 1st period - Wrist shot by Ryan Kesler.
9:25 of 1st period - Shot Misses the Net.
9:43 of 1st period - Snap shot by Kris Vernarsky.
9:43 of 1st period - Stopped by Antti Niemi with a rebound.
9:45 of 1st period - Wrist shot by Alexander Ovechkin.
9:45 of 1st period - Stopped by Antti Niemi without a rebound.
9:46 of 1st period - Andrew Ebbett wins face-off versus Kris Vernarsky in Panthers zone.
9:46 of 1st period - Andrew Ebbett is hit by Alexander Ovechkin.
10:06 of 1st period - Snap shot by Chris Lawrence.
10:06 of 1st period - Shot Blocked by Scott Gomez.
10:08 of 1st period - Slapshot by Kris Vernarsky.
10:08 of 1st period - Deflect By Alexander Ovechkin.
10:08 of 1st period - Shot Misses the Net.
10:08 of 1st period - Puck is out of play.
10:09 of 1st period - Andy Miele wins face-off versus Scott Gomez in Panthers zone.
10:57 of 1st period - Snap shot by Andrew Ebbett.
10:57 of 1st period - Stopped by Viktor Fasth without a rebound.
10:58 of 1st period - Ryan Kesler wins face-off versus Andrew Ebbett in Predators zone.
10:58 of 1st period - Ryan Kesler is hit by Peter Prucha.
11:24 of 1st period - Alexander Ovechkin is hit by Jeff Tambellini and loses puck.
11:45 of 1st period - John Moore is hit by Steve Montador and loses puck.
11:50 of 1st period - Snap shot by Peter Prucha.
11:50 of 1st period - Stopped by Viktor Fasth with a rebound.
11:52 of 1st period - Wrist shot by Peter Prucha.
11:52 of 1st period - Shot Blocked by John Moore.
11:54 of 1st period - Wrist shot by Peter Prucha.
11:54 of 1st period - Stopped by Viktor Fasth without a rebound.
11:55 of 1st period - Mikael Granlund wins face-off versus Scott Gomez in Predators zone.
12:42 of 1st period - Shawn Horcoff is hit by Alexander Ovechkin and loses puck.
12:51 of 1st period - Kris Vernarsky is hit by Erik Gudbranson and loses puck.
12:59 of 1st period - Icing by Dmitri Kalinin.
13:00 of 1st period - Mikael Granlund wins face-off versus Scott Gomez in Predators zone.
13:32 of 1st period - Snap shot by Sidney Crosby.
13:32 of 1st period - Shot Misses the Net.
13:52 of 1st period - Andrew Ebbett is hit by Alexander Edler and loses puck.
14:07 of 1st period - John Moore is hit by Pasi Salonen and loses puck.
14:14 of 1st period - Snap shot by Alexander Perezhogin.
14:14 of 1st period - Stopped by Viktor Fasth with a rebound.
14:32 of 1st period - Slapshot by Marian Hossa.
14:32 of 1st period - Stopped by Viktor Fasth with a rebound.
14:46 of 1st period - David Jones is hit by Guillaume Latendresse and loses puck.
15:53 of 1st period - Snap shot by Scott Gomez.
15:53 of 1st period - Goal by Scott Gomez - Panthers : 1 - Predators : 0.
15:54 of 1st period - Niclas Bergfors wins face-off versus Sidney Crosby in neutral zone.
16:08 of 1st period - Slapshot by Loui Eriksson.
16:08 of 1st period - Stopped by Viktor Fasth with a rebound.
16:22 of 1st period - Steve Montador is hit by Andrej Meszaros and loses puck.
17:13 of 1st period - Wrist shot by Loui Eriksson.
17:13 of 1st period - Shot Misses the Net.
17:23 of 1st period - Sergei Samsonov is hit by Byron Bitz and loses puck.
17:44 of 1st period - Ryan Kesler is hit by Steve Montador.
19:19 of 1st period - Wrist shot by Andrew Ebbett.
19:19 of 1st period - Stopped by Viktor Fasth without a rebound.
19:20 of 1st period - Mikael Granlund wins face-off versus Andrew Ebbett in Predators zone.
19:44 of 1st period - Snap shot by Andrew Ebbett.
19:44 of 1st period - Shot Misses the Net.
19:46 of 1st period - Snap shot by Andrew Ebbett.
19:46 of 1st period - Shot Blocked by Ryan Mcdonagh.
19:48 of 1st period - Wrist shot by Andrew Ebbett.
19:48 of 1st period - Shot Misses the Net.
19:50 of 1st period - Slapshot by Peter Prucha.
19:50 of 1st period - Stopped by Viktor Fasth without a rebound.
19:51 of 1st period - Sidney Crosby wins face-off versus Ryan Kesler in Predators zone.
Goals for this period are 1 for Panthers vs 0 for Predators.
Shots for this period are 18 for Panthers vs 4 for Predators.

2nd period


0:01 of 2nd period - Ryan Kesler wins face-off versus Sidney Crosby in neutral zone.
0:07 of 2nd period - Slapshot by Niclas Bergfors.
0:07 of 2nd period - Shot Misses the Net.
0:09 of 2nd period - Wrist shot by Alexander Ovechkin.
0:09 of 2nd period - Shot Misses the Net.
0:11 of 2nd period - Wrist shot by Ryan Kesler.
0:11 of 2nd period - Shot Misses the Net.
0:35 of 2nd period - Wrist shot by Byron Bitz.
0:35 of 2nd period - Stopped by Antti Niemi without a rebound.
0:36 of 2nd period - Mikael Granlund wins face-off versus Scott Gomez in Panthers zone.
0:55 of 2nd period - Marian Hossa is hit by Byron Bitz and loses puck.
1:08 of 2nd period - Slapshot by Scott Gomez.
1:08 of 2nd period - Shot Blocked by Brett Clark.
1:10 of 2nd period - Snap shot by Scott Gomez.
1:10 of 2nd period - Stopped by Viktor Fasth with a rebound.
1:14 of 2nd period - Snap shot by Sergei Samsonov.
1:14 of 2nd period - Shot Blocked by Alexander Steen.
1:16 of 2nd period - Slapshot by Matthew Spiller.
1:16 of 2nd period - Stopped by Viktor Fasth with a rebound.
1:18 of 2nd period - Slapshot by Keith Aulie.
1:18 of 2nd period - Stopped by Viktor Fasth without a rebound.
1:19 of 2nd period - Ryan Kesler wins face-off versus Sidney Crosby in Predators zone.
1:24 of 2nd period - Guillaume Latendresse is hit by Ryan Kesler and loses puck.
3:21 of 2nd period - Brendan Smith is hit by Brett Clark and loses puck.
3:41 of 2nd period - Slapshot by Sergei Samsonov.
3:41 of 2nd period - Stopped by Viktor Fasth with a rebound.
3:43 of 2nd period - Slapshot by Marian Hossa.
3:43 of 2nd period - Goal by Marian Hossa - Panthers : 2 - Predators : 0.
3:44 of 2nd period - Sidney Crosby wins face-off versus Andy Miele in neutral zone.
4:11 of 2nd period - Marian Hossa is hit by Alexander Ovechkin and loses puck.
4:18 of 2nd period - Backhand shot by Ryan Kesler.
4:18 of 2nd period - Stopped by Antti Niemi without a rebound.
4:19 of 2nd period - Ryan Kesler wins face-off versus Scott Gomez in Panthers zone.
4:22 of 2nd period - Snap shot by Ryan Kesler.
4:22 of 2nd period - Stopped by Antti Niemi with a rebound.
4:29 of 2nd period - Off-side.
4:30 of 2nd period - Sidney Crosby wins face-off versus Ryan Kesler in neutral zone.
4:57 of 2nd period - Andy Miele is hit by Steve Montador and loses puck.
5:06 of 2nd period - Andy Miele is hit by Marian Hossa and loses puck.
5:31 of 2nd period - Byron Bitz is hit by Matthew Spiller and loses puck.
5:51 of 2nd period - Off-side.
5:52 of 2nd period - Sidney Crosby wins face-off versus Ryan Kesler in neutral zone.
5:57 of 2nd period - Niclas Bergfors is hit by Loui Eriksson and loses puck.
6:24 of 2nd period - Off-side.
6:25 of 2nd period - Scott Gomez wins face-off versus Mikael Granlund in neutral zone.
6:32 of 2nd period - Snap shot by Scott Gomez.
6:32 of 2nd period - Stopped by Viktor Fasth without a rebound.
6:33 of 2nd period - Ryan Kesler wins face-off versus Scott Gomez in Predators zone.
6:33 of 2nd period - Ryan Kesler is hit by Brendan Smith.
6:45 of 2nd period - Slapshot by Niclas Bergfors.
6:45 of 2nd period - Shot Misses the Net.
6:47 of 2nd period - Wrist shot by Ryan Kesler.
6:47 of 2nd period - Stopped by Antti Niemi without a rebound.
6:48 of 2nd period - Sidney Crosby wins face-off versus Ryan Kesler in Panthers zone.
7:04 of 2nd period - Ryan Mcdonagh is hit by Steve Montador and loses puck.
9:23 of 2nd period - Snap shot by Sidney Crosby.
9:23 of 2nd period - Stopped by Viktor Fasth without a rebound.
9:24 of 2nd period - Mikael Granlund wins face-off versus Sidney Crosby in Predators zone.
10:21 of 2nd period - Keith Aulie is hit by Alexander Edler and loses puck.
10:40 of 2nd period - Wrist shot by Shawn Horcoff.
10:40 of 2nd period - Deflect By Dmitri Kalinin.
10:40 of 2nd period - Shot Blocked by Dmitri Kalinin.
10:40 of 2nd period - Puck is out of play.
10:41 of 2nd period - Ryan Kesler wins face-off versus Sidney Crosby in Predators zone.
10:43 of 2nd period - Minor Penalty to Niclas Bergfors for Hooking.
10:44 of 2nd period - Sidney Crosby wins face-off versus Andy Miele in Predators zone.
10:46 of 2nd period - Snap shot by Loui Eriksson.
10:46 of 2nd period - Stopped by Viktor Fasth without a rebound.
10:47 of 2nd period - Andy Miele wins face-off versus Sidney Crosby in Predators zone.
11:28 of 2nd period - Minor Penalty to Steve Montador for Interference.
11:29 of 2nd period - Alexander Ovechkin wins face-off versus Sidney Crosby in Panthers zone.
11:36 of 2nd period - Wrist shot by Alexander Ovechkin.
11:36 of 2nd period - Stopped by Antti Niemi without a rebound.
11:37 of 2nd period - Alexander Ovechkin wins face-off versus Sidney Crosby in Panthers zone.
12:31 of 2nd period - Snap shot by Scott Gomez.
12:31 of 2nd period - Stopped by Viktor Fasth with a rebound.
12:37 of 2nd period - Guillaume Latendresse is hit by Dmitri Kalinin and loses puck.
12:43 of 2nd period - Penalty to Niclas Bergfors is over, Niclas Bergfors is back on ice.
13:28 of 2nd period - Penalty to Steve Montador is over, Steve Montador is back on ice.
13:34 of 2nd period - Snap shot by Peter Prucha.
13:34 of 2nd period - Shot Misses the Net.
14:07 of 2nd period - Snap shot by Alexander Ovechkin.
14:07 of 2nd period - Shot Misses the Net.
14:37 of 2nd period - Nick Schultz is hit by Barret Jackman and loses puck.
15:13 of 2nd period - Pasi Salonen is hit by Ryan Kesler and loses puck.
15:22 of 2nd period - Snap shot by Shawn Horcoff.
15:22 of 2nd period - Stopped by Viktor Fasth with a rebound.
16:10 of 2nd period - Snap shot by Scott Gomez.
16:10 of 2nd period - Stopped by Viktor Fasth without a rebound.
16:11 of 2nd period - Sidney Crosby wins face-off versus Andy Miele in Predators zone.
16:14 of 2nd period - Snap shot by Loui Eriksson.
16:14 of 2nd period - Shot Misses the Net.
16:30 of 2nd period - James Van Riemsdyk is hit by Guillaume Latendresse and loses puck.
16:41 of 2nd period - Wrist shot by James Van Riemsdyk.
16:41 of 2nd period - Stopped by Antti Niemi with a rebound.
16:45 of 2nd period - Snap shot by Andy Miele.
16:45 of 2nd period - Shot Blocked by Brendan Smith.
16:47 of 2nd period - Slapshot by Brett Clark.
16:47 of 2nd period - Deflect By David Jones.
16:47 of 2nd period - Deflect By Sidney Crosby.
16:47 of 2nd period - Goal by David Jones - Panthers : 2 - Predators : 1.
16:48 of 2nd period - Niclas Bergfors wins face-off versus Sergei Samsonov in neutral zone.
17:03 of 2nd period - Niclas Bergfors is hit by Sergei Samsonov and loses puck.
17:14 of 2nd period - Ryan Mcdonagh is hit by Sidney Crosby and loses puck.
17:45 of 2nd period - Wrist shot by James Van Riemsdyk.
17:45 of 2nd period - Goal by James Van Riemsdyk - Panthers : 2 - Predators : 2.
17:46 of 2nd period - Ryan Kesler wins face-off versus Sidney Crosby in neutral zone.
18:03 of 2nd period - Snap shot by Ryan Kesler.
18:03 of 2nd period - Stopped by Antti Niemi with a rebound.
18:09 of 2nd period - Minor Penalty to Brendan Smith for Delaying the game.
18:10 of 2nd period - Mikael Granlund wins face-off versus Sidney Crosby in Panthers zone.
18:21 of 2nd period - Wrist shot by Alexander Ovechkin.
18:21 of 2nd period - Deflect By Niclas Bergfors.
18:21 of 2nd period - Stopped by Antti Niemi without a rebound.
18:22 of 2nd period - Mikael Granlund wins face-off versus Sidney Crosby in Panthers zone.
Goals for this period are 1 for Panthers vs 2 for Predators.
Shots for this period are 11 for Panthers vs 10 for Predators.

3rd period


0:01 of 3rd period - Sidney Crosby wins face-off versus Mikael Granlund in neutral zone.
0:09 of 3rd period - Penalty to Brendan Smith is over, Brendan Smith is back on ice.
0:30 of 3rd period - Slapshot by James Van Riemsdyk.
0:30 of 3rd period - Stopped by Antti Niemi with a rebound.
0:32 of 3rd period - Snap shot by Dmitri Kalinin.
0:32 of 3rd period - Stopped by Antti Niemi with a rebound.
0:34 of 3rd period - Snap shot by James Van Riemsdyk.
0:34 of 3rd period - Deflect By David Jones.
0:34 of 3rd period - Shot Misses the Net.
0:34 of 3rd period - Puck is out of play.
0:35 of 3rd period - Ryan Kesler wins face-off versus Sidney Crosby in Panthers zone.
2:45 of 3rd period - Slapshot by Alexander Edler.
2:45 of 3rd period - Stopped by Antti Niemi with a rebound.
2:47 of 3rd period - Backhand shot by Andy Miele.
2:47 of 3rd period - Stopped by Antti Niemi without a rebound.
2:48 of 3rd period - Andy Miele wins face-off versus Sidney Crosby in Panthers zone.
3:13 of 3rd period - Sidney Crosby is hit by Andy Miele and loses puck.
3:22 of 3rd period - Slapshot by James Van Riemsdyk.
3:22 of 3rd period - Deflect By David Jones.
3:22 of 3rd period - Stopped by Antti Niemi without a rebound.
3:23 of 3rd period - Marian Hossa wins face-off versus Ryan Kesler in Panthers zone.
3:30 of 3rd period - Snap shot by Sergei Samsonov.
3:30 of 3rd period - Shot Misses the Net.
3:38 of 3rd period - Snap shot by Scott Gomez.
3:38 of 3rd period - Stopped by Viktor Fasth with a rebound.
4:39 of 3rd period - Wrist shot by Scott Gomez.
4:39 of 3rd period - Deflect By Marian Hossa.
4:39 of 3rd period - Stopped by Viktor Fasth with a rebound.
5:21 of 3rd period - Wrist shot by Marian Hossa.
5:21 of 3rd period - Shot Blocked by Barret Jackman.
5:30 of 3rd period - Snap shot by Alexander Ovechkin.
5:30 of 3rd period - Shot Blocked by Erik Gudbranson.
5:32 of 3rd period - Slapshot by Ryan Kesler.
5:32 of 3rd period - Stopped by Antti Niemi without a rebound.
5:33 of 3rd period - Sidney Crosby wins face-off versus Mikael Granlund in Panthers zone.
5:33 of 3rd period - Sidney Crosby is hit by Mikael Granlund.
5:46 of 3rd period - Snap shot by Loui Eriksson.
5:46 of 3rd period - Deflect By Guillaume Latendresse.
5:46 of 3rd period - Stopped by Viktor Fasth without a rebound.
5:47 of 3rd period - Sidney Crosby wins face-off versus Mikael Granlund in Predators zone.
5:48 of 3rd period - Snap shot by Guillaume Latendresse.
5:48 of 3rd period - Stopped by Viktor Fasth without a rebound.
5:49 of 3rd period - Mikael Granlund wins face-off versus Sidney Crosby in Predators zone.
5:56 of 3rd period - Snap shot by Alexander Steen.
5:56 of 3rd period - Stopped by Antti Niemi without a rebound.
5:57 of 3rd period - Sidney Crosby wins face-off versus Mikael Granlund in Panthers zone.
6:18 of 3rd period - Mikael Granlund is hit by Steve Montador and loses puck.
6:24 of 3rd period - Icing by Alexander Edler.
6:25 of 3rd period - Mikael Granlund wins face-off versus Andrew Ebbett in Predators zone.
7:03 of 3rd period - Snap shot by Andy Miele.
7:03 of 3rd period - Stopped by Antti Niemi with a rebound.
8:20 of 3rd period - Minor Penalty to James Van Riemsdyk for Roughing.
8:21 of 3rd period - Andy Miele wins face-off versus Sidney Crosby in Predators zone.
8:33 of 3rd period - Ryan Mcdonagh is hit by Brendan Smith and loses puck.
8:56 of 3rd period - Andy Miele is hit by Steve Montador and loses puck.
10:20 of 3rd period - Penalty to James Van Riemsdyk is over, James Van Riemsdyk is back on ice.
10:31 of 3rd period - Ryan Kesler is hit by Jeff Tambellini and loses puck.
10:52 of 3rd period - Wrist shot by Alexander Steen.
10:52 of 3rd period - Shot Blocked by Erik Gudbranson.
10:54 of 3rd period - Snap shot by Alexander Steen.
10:54 of 3rd period - Shot Misses the Net.
10:56 of 3rd period - Snap shot by Chris Lawrence.
10:56 of 3rd period - Shot Blocked by Nick Schultz.
11:16 of 3rd period - James Van Riemsdyk is hit by Alexander Perezhogin and loses puck.
11:38 of 3rd period - Alexander Ovechkin is hit by Matthew Spiller.
11:44 of 3rd period - Snap shot by Shawn Horcoff.
11:44 of 3rd period - Stopped by Viktor Fasth with a rebound.
11:46 of 3rd period - Snap shot by Matthew Spiller.
11:46 of 3rd period - Deflect By Mikael Granlund.
11:46 of 3rd period - Stopped by Viktor Fasth without a rebound.
11:47 of 3rd period - Sidney Crosby wins face-off versus Mikael Granlund in Predators zone.
12:32 of 3rd period - Wrist shot by James Van Riemsdyk.
12:32 of 3rd period - Stopped by Antti Niemi without a rebound.
12:33 of 3rd period - Andy Miele wins face-off versus Andrew Ebbett in Panthers zone.
12:34 of 3rd period - Snap shot by David Jones.
12:34 of 3rd period - Goal by David Jones - Panthers : 2 - Predators : 3.
12:35 of 3rd period - Sidney Crosby wins face-off versus Niclas Bergfors in neutral zone.
12:44 of 3rd period - Wrist shot by Sidney Crosby.
12:44 of 3rd period - Stopped by Viktor Fasth with a rebound.
12:46 of 3rd period - Wrist shot by Guillaume Latendresse.
12:46 of 3rd period - Stopped by Viktor Fasth without a rebound.
12:47 of 3rd period - Ryan Kesler wins face-off versus Sidney Crosby in Predators zone.
13:37 of 3rd period - Snap shot by James Van Riemsdyk.
13:37 of 3rd period - Shot Misses the Net.
13:43 of 3rd period - Snap shot by James Van Riemsdyk.
13:43 of 3rd period - Deflect By Andy Miele.
13:43 of 3rd period - Shot Blocked by Peter Prucha.
13:43 of 3rd period - Puck is out of play.
13:44 of 3rd period - Sidney Crosby wins face-off versus Ryan Kesler in Panthers zone.
13:44 of 3rd period - Sidney Crosby is hit by Brett Clark.
14:00 of 3rd period - Snap shot by Guillaume Latendresse.
14:00 of 3rd period - Shot Misses the Net.
15:21 of 3rd period - Snap shot by Loui Eriksson.
15:21 of 3rd period - Stopped by Viktor Fasth with a rebound.
15:24 of 3rd period - Icing by Ryan Mcdonagh.
15:25 of 3rd period - Sidney Crosby wins face-off versus Mikael Granlund in Predators zone.
15:36 of 3rd period - Slapshot by Ryan Mcdonagh.
15:36 of 3rd period - Goal by Ryan Mcdonagh - Panthers : 2 - Predators : 4.
15:37 of 3rd period - Sidney Crosby wins face-off versus Ryan Kesler in neutral zone.
16:33 of 3rd period - Dmitri Kalinin is hit by Sergei Samsonov and loses puck.
16:48 of 3rd period - Matthew Spiller is hit by Alexander Ovechkin and loses puck.
17:52 of 3rd period - Wrist shot by Guillaume Latendresse.
17:52 of 3rd period - Goal by Guillaume Latendresse - Panthers : 3 - Predators : 4.
17:53 of 3rd period - Andrew Ebbett wins face-off versus Kris Vernarsky in neutral zone.
18:18 of 3rd period - Brendan Smith is hit by Mikael Granlund and loses puck.
18:45 of 3rd period - Marian Hossa is hit by Alexander Edler and loses puck.
19:00 of 3rd period - Panthers, Antti Niemi is pulled from the net.
19:08 of 3rd period - Wrist shot by Sidney Crosby.
19:08 of 3rd period - Shot Misses the Net.
19:10 of 3rd period - Snap shot by Sidney Crosby.
19:10 of 3rd period - Deflect By Loui Eriksson.
19:10 of 3rd period - Shot Misses the Net.
19:10 of 3rd period - Puck is out of play.
19:11 of 3rd period - Alain Vigneault call a timeout for Panthers.
19:11 of 3rd period - Sidney Crosby wins face-off versus Alexander Ovechkin in Predators zone.
19:12 of 3rd period - Wrist shot by Guillaume Latendresse.
19:12 of 3rd period - Stopped by Viktor Fasth without a rebound.
19:13 of 3rd period - Sidney Crosby wins face-off versus Alexander Ovechkin in Predators zone.
19:21 of 3rd period - Minor Penalty to Alexander Ovechkin for Hooking.
19:22 of 3rd period - Andy Miele wins face-off versus Sidney Crosby in Predators zone.
19:34 of 3rd period - Wrist shot by Guillaume Latendresse.
19:34 of 3rd period - Stopped by Viktor Fasth without a rebound.
19:35 of 3rd period - Andy Miele wins face-off versus Sidney Crosby in Predators zone.
Goals for this period are 1 for Panthers vs 2 for Predators.
Shots for this period are 12 for Panthers vs 11 for Predators.